 Dungeon Crawl Stone Soup version 0.17-a0-1399-gd5b76e1 (webtiles) character file.

413 bal the Sneak (level 6, -3/33 HPs)
             Began as a Vine Stalker Monk on June 18, 2015.
             Was a Believer of Makhleb.
             Slain by a gnoll
             ... wielding a +0 spear
              (6 damage)
             ... on level 5 of the Dungeon.
             The game lasted 00:13:18 (3668 turns).

bal the Sneak (Vine Stalker Monk)                   Turns: 3668, Time: 00:13:18

Health: -3/33      AC:  3    Str: 14      XL:     6   Next: 90%
Magic:  0/16       EV: 14    Int: 10      God:    Makhleb [**....]
Gold:   212        SH:  0    Dex: 17 (18) Spells: 1 memorised, 4 levels left

rFire  . . .     SeeInvis .     l - +0 dagger
rCold  . . .     Clarity  .     a - +1 robe
rNeg   . . .     SustAt   .     (no shield)
rPois  .         Gourm    .     (no helmet)
rElec  .         Spirit   +     (no cloak)
rCorr  .         Warding  .     (no gloves)
rMut   .         Stasis   .     (no boots)
MR     .....                    (no amulet)
Stlth  +++.......               (no ring)
                                h - ring of magical power

@: very slightly contaminated, not resistant to hostile enchantments, fairly
stealthy
A: fangs 2, regeneration 2, magic shield, antimagic bite, no device heal 3, rot
immunity
a: Minor Destruction, Renounce Religion


You were on level 5 of the Dungeon.
You worshipped Makhleb.
Makhleb was pleased with you.
You were hungry.

You visited 1 branch of the dungeon, and saw 5 of its levels.

You collected 212 gold pieces.

Inventory:

Hand weapons
 e - a +0 hunting sling
 l - a +0 dagger (weapon)
Missiles
 t - 7 tomahawks (quivered)
Armour
 a - a +1 robe (worn)
 v - a +0 buckler
Jewellery
 h - a ring of magical power (left hand)
Magical devices
 m - a wand of flame (21)
Scrolls
 c - 3 scrolls of identify
 f - 3 scrolls of remove curse
 g - 2 scrolls of amnesia
 n - a scroll of noise
 q - a scroll of fog {unknown}
 x - a scroll of blinking
Potions
 d - a potion of curing
 j - a potion of degeneration
 o - 2 potions of heal wounds
Books
 r - a book of Beasts

   Spells                             Type                      Level
   a - Summon Butterflies             Summoning                    1
   b - Call Canine Familiar           Summoning                    3
   c - Summon Ice Beast               Ice/Summoning                4
   d - Summon Mana Viper              Hexes/Summoning              5
   e - Summon Hydra                   Summoning                    7
Comestibles
 b - 5 bread rations
 k - 3 fruits
 p - a beef jerky
 s - 3 meat rations
 u - a slice of pizza


   Skills:
 + Level 3.6 Fighting
 + Level 0.6 Short Blades
 + Level 4.3 Dodging
 + Level 5.1 Stealth
 + Level 4.8 Unarmed Combat


You had 4 spell levels left.
You knew the following spells:

 Your Spells              Type           Power        Failure   Level  Hunger
a - Summon Butterflies    Summ           #.......     38%         1    ##.....


Dungeon Overview and Level Annotations

Branches:
Dungeon (5/15)
 Temple: D:4-7

Altars:
Kikubaaqudgha
Makhleb
Okawaru

Annotations:
D:4 Protee's ghost, average DsTm
D:5 Dowan; Duvessa; Protee's ghost, average DsTm


Innate Abilities, Weirdness & Mutations

You have extremely sharp teeth.
You heal very quickly.
When hurt, damage is shared between your health and your magic reserves.
Your bite disrupts and absorbs the magic of your enemies.
Potions and wands cannot restore your health.
You are immune to rotting.


Message History

The gnoll hits you from afar with a spear.
* * * LOW HITPOINT WARNING * * *
You see here a spear.
You hit the gnoll. Your punch misses the gnoll.
The gnoll is lightly wounded.
The gnoll barely misses you.
You barely miss the gnoll.
The gnoll is lightly wounded.
The gnoll barely misses you.
You hit the gnoll. You punch the gnoll, but do no damage.
The gnoll is moderately wounded.
The gnoll hits you with a spear.
* * * LOW HITPOINT WARNING * * *
You hit the gnoll.
The gnoll is heavily wounded.
The gnoll barely misses you.
You closely miss the gnoll.
The gnoll is heavily wounded.
The gnoll hits you with a spear!
You die...

.......<#
#######.# #.# #.#
#.# #.# #.#
######.# #.#
#).@g..# #.#
#.###### #.# #.#
#.# ## #.#
#####.# . #.#
#.....# #. #.#
#.##### #.# #.#
#.# ##
#.#########.# #.#
#.###........#.##
#.#


You could see a gnoll.

Vanquished Creatures
  An ogre (D:4)
  A scorpion (D:4)
  An orc priest (D:4)
  An iguana (D:3)
  Jessica (D:2)
  A worker ant (D:3)
  6 adders
  2 gnolls (D:5)
  An ooze (D:1)
  2 worms
  7 orcs
  5 bats
  3 giant cockroaches (D:3)
  11 goblins
  7 hobgoblins
  10 kobolds
  6 giant geckos
  5 giant newts
  3 jackals (D:4)
  A quokka skeleton (D:4)
  8 rats
83 creatures vanquished.

Notes
Turn   | Place    | Note
--------------------------------------------------------------
     0 | D:1      | bal the Vine Stalker Monk began the quest for the Orb.
     0 | D:1      | Reached XP level 1. HP: 11/11 MP: 2/2
    46 | D:1      | Reached XP level 2. HP: 16/16 MP: 3/3
   875 | D:2      | Reached XP level 3. HP: 19/19 MP: 4/4
  1066 | D:2      | Reached XP level 4. HP: 24/24 MP: 5/5
  1361 | D:2      | Noticed Jessica
  1394 | D:2      | Killed Jessica
  1633 | D:2      | Learned a level 1 spell: Summon Butterflies
  1781 | D:3      | Reached XP level 5. HP: 25/28 MP: 6/6
  2478 | D:4      | Found a burning altar of Makhleb.
  2483 | D:4      | Became a worshipper of Makhleb the Destroyer
  2483 | D:4      | Acquired Makhleb's first power
  2483 | D:4      | Acquired Makhleb's second power
  2586 | D:4      | Noticed an ogre
  2613 | D:4      | Killed an ogre
  2613 | D:4      | Gained mutation: You heal very quickly. [Vine Stalker growth]
  2613 | D:4      | Reached XP level 6. HP: 16/32 MP: 7/7
  3036 | D:4      | Found an iron altar of Okawaru.
  3310 | D:4      | Found an ancient bone altar of Kikubaaqudgha.
  3325 | D:4      | Noticed Protee's ghost (average DsTm)
  3502 | D:5      | Entered Level 5 of the Dungeon
  3538 | D:5      | Noticed Protee's ghost (average DsTm)
  3542 | D:5      | Reached skill level 5 in Stealth
  3609 | D:5      | Noticed Dowan
  3611 | D:5      | Noticed Duvessa
  3668 | D:5      | Slain by a gnoll

Vault maps used:
D:1:      eino_arrival_druids_welcome
D:2:      first_bread, uniq_jessica
D:4:      lemuel_coloured_pillars_altar, old_standard_altar, bloody_makhleb
D:5:      nicolae_tso_carved_into_rock, minmay_temple_entry_hall,
          kennysheep_generic_room_14, uniq_duvessa

Action                   |  1- 3 |  4- 6 || total
-------------------------+-------+-------++-------
Melee: Unarmed           |    81 |     8 ||    89
       Dagger            |       |   267 ||   267
 Cast: Summon Butterflie |       |     1 ||     1
Invok: Minor Destruction |       |     1 ||     1
  Use: Scroll            |       |     9 ||     9
       Potion            |       |     8 ||     8
 Stab: Sleeping          |     7 |    13 ||    20
  Eat: Fruit             |       |     6 ||     6
       Chunk             |       |     4 ||     4
